Map: Deathaura LE

Players

ShoWTimE

  • Race: Protoss Protoss
  • League: Grandmaster
  • Spawn Location: 11:00

LiquidClem (Clem) - Winner!

  • Race: Terran Terran
  • League: Grandmaster
  • Spawn Location: 5:00

Event: DreamHack SC2 Masters 2020 Fall

VOD

Have the link to the VOD?

Description

Time

  • Played on: Sept. 8, 2020, 1:34 p.m.
  • Length: 8:29

All games in this series

Show
View Real Time Build Order
Export as new Build Order

ShoWTimE Protoss 

Build Orders: 1 Gate Expand, Blink Stalkers, Zealot Archon 

Get SALT Encoding   

  12  0:00  Probe  
  13  0:12  Probe  
  14  0:17  Pylon  
  14  0:24  Probe (Chrono Boost)  
  15  0:36  Gateway, Probe (Chrono Boost)  
  16  0:44  Probe (Chrono Boost)  
  16  0:45  Assimilator  
  17  0:51  Probe  
  18  1:03  Probe  
  19  1:15  Probe  
  20  1:23  Cybernetics Core  
  20  1:32  Nexus  
  20  1:34  Probe  
  21  1:42  Pylon  
  21  1:46  Probe  
  22  1:51  Assimilator  
  21  1:57  Adept (Chrono Boost)  
  21  1:58  Probe  
  24  2:01  Warp Gate  
  24  2:10  Probe  
  25  2:18  Stalker (Chrono Boost)  
  27  2:23  Probe  
  28  2:35  Twilight Council, Probe (Chrono Boost)  
  29  2:44  Stalker  
  31  2:45  Probe (Chrono Boost)  
  33  2:53  Probe (Chrono Boost)  
  33  2:55  Probe (Chrono Boost)  
  34  2:59  Probe (Chrono Boost)  
  34  3:00  Probe (Chrono Boost)  
  34  3:01  Gateway  
  36  3:07  Blink (Chrono Boost)  
  36  3:11  Probe x2  
  38  3:23  Probe x2  
  40  3:29  Robotics Facility  
  40  3:35  Probe x2  
  42  3:46  Nexus  
  42  3:49  Pylon  
  42  3:52  Stalker  
  42  3:55  Probe  
  45  3:56  Probe  
  45  4:00  Assimilator  
  46  4:07  Probe  
  42  4:20  Probe (Chrono Boost)  
  41  4:25  Probe (Chrono Boost)  
  41  4:29  Observer  
  43  4:32  Probe (Chrono Boost)  
  43  4:38  Probe x2 (Chrono Boost)  
  44  4:39  Stalker x2  
  44  4:43  Pylon  
  49  4:46  Probe x2  
  49  4:51  Pylon  
  52  4:52  Observer  
  52  4:58  Probe x2 (Chrono Boost)  
  55  5:03  Probe (Chrono Boost)  
  55  5:06  Charge  
  55  5:08  Forge  
  55  5:09  Probe (Chrono Boost)  
  55  5:10  Probe (Chrono Boost)  
  55  5:13  Probe (Chrono Boost)  
  58  5:14  Probe x2 (Chrono Boost)  
  58  5:18  Observer  
  61  5:23  Probe  
  61  5:24  Probe  
  61  5:25  Probe  
  61  5:27  Gateway  
  61  5:28  Gateway  
  65  5:37  Probe x2 (Chrono Boost)  
  65  5:39  Probe (Chrono Boost)  
  65  5:44  Protoss Ground Armor Level 1  
  65  5:46  Forge  
  65  5:49  Probe (Chrono Boost)  
  68  5:52  Probe (Chrono Boost)  
  68  5:55  Probe (Chrono Boost)  
  68  5:56  Assimilator  
  69  5:57  Probe (Chrono Boost)  
  69  5:58  Assimilator  
  69  6:00  Templar Archives, Sentry, Probe (Chrono Boost)  
  69  6:02  Assimilator  
  74  6:05  Probe (Chrono Boost)  
  74  6:06  Probe x2 (Chrono Boost)  
  74  6:08  Sentry  
  77  6:13  Probe x2  
  77  6:15  Probe, Pylon  
  77  6:18  Psionic Storm  
  80  6:19  Protoss Ground Weapons Level 1  
  80  6:22  Pylon  
  80  6:25  Probe x2  
  82  6:27  Probe  
  82  6:30  Immortal (Chrono Boost), Pylon  
  83  6:34  Observer  
  83  6:36  Observer  
  83  6:37  Probe  
  83  6:39  Gateway  
  87  6:41  Gateway  
  87  6:42  Phoenix  
  87  6:44  Gateway  
  87  6:46  Gateway  
  87  6:48  High Templar  
  87  6:49  Probe  
  87  6:53  Pylon  
  90  6:54  Shield Battery  
  90  6:59  Warp Prism (Chrono Boost)  
  90  7:02  High Templar  
  90  7:04  Pylon  
  94  7:10  High Templar  
  94  7:15  High Templar  
  98  7:21  Pylon  
  98  7:22  Zealot  
  100  7:26  Gateway  
  100  7:27  Immortal (Chrono Boost)  
  104  7:30  Gateway  
  104  7:34  Zealot  
  106  7:39  Zealot x3  
  112  7:46  Zealot  
  112  7:47  Zealot x2  
  112  7:48  Pylon  
  114  7:52  Archon  
  114  7:53  High Templar  
  114  7:55  Zealot  
  118  8:00  Zealot x3  
  112  8:13  Archon  
  112  8:15  Zealot x4  
  96  8:21  Zealot x3  
Show
View Real Time Build Order
Export as new Build Order

LiquidClem Terran - Winner!

Build Orders:  

Get SALT Encoding   

  12  0:00  SCV  
  13  0:12  SCV  
  14  0:16  Supply Depot  
  14  0:24  SCV  
  15  0:38  SCV  
  15  0:39  Barracks  
  16  0:43  Refinery  
  16  0:50  SCV  
  17  1:02  SCV  
  18  1:14  SCV  
  19  1:26  Marine  
  19  1:27  Orbital Command  
  20  1:42  Command Center  
  20  1:52  Factory  
  20  1:55  SCV  
  21  2:02  Barracks Reactor  
  21  2:07  SCV  
  22  2:09  Supply Depot  
  22  2:19  Bunker  
  22  2:20  SCV  
  23  2:24  Refinery  
  23  2:32  SCV  
  24  2:40  Starport  
  24  2:47  Hellion  
  24  2:48  SCV  
  24  2:49  Hellion  
  29  2:58  Orbital Command  
  29  3:01  SCV  
  30  3:09  Hellion  
  30  3:12  Hellion  
  34  3:14  SCV  
  35  3:20  Medivac  
  35  3:24  SCV  
  35  3:26  SCV  
  39  3:30  Supply Depot  
  39  3:36  SCV  
  39  3:37  Marine x2  
  39  3:39  Factory Tech Lab  
  42  3:42  SCV  
  42  3:47  Supply Depot  
  42  3:48  SCV  
  44  3:54  SCV  
  45  3:55  Marine x2  
  45  3:58  Cyclone  
  45  4:00  SCV  
  51  4:06  SCV  
  50  4:12  SCV  
  49  4:18  SCV  
  49  4:19  Marine  
  47  4:24  Command Center, SCV  
  47  4:27  Marine  
  47  4:30  Engineering Bay, SCV  
  48  4:34  Siege Tank  
  48  4:36  SCV, Marine  
  53  4:43  Barracks  
  53  4:46  Barracks  
  53  4:49  SCV x2  
  53  4:51  Marine  
  56  4:59  Marine  
  57  5:02  SCV, Supply Depot  
  57  5:03  SCV  
  57  5:06  Siege Tank  
  62  5:07  Refinery  
  62  5:20  Supply Depot  
  62  5:22  SCV, Marine x2  
  62  5:23  SCV  
  62  5:30  Terran Infantry Weapons Level 1  
  62  5:31  Barracks Tech Lab  
  62  5:34  SCV, Starport Reactor  
  63  5:35  SCV  
  63  5:40  Marine  
  63  5:43  Orbital Command  
  63  5:44  Marine  
  63  5:46  SCV  
  63  5:48  SCV  
  63  5:49  Refinery  
  65  5:50  Stimpack, Marauder  
  65  5:54  Combat Shield  
  65  5:55  Marauder  
  65  5:56  Factory Tech Lab  
  69  5:58  Marine  
  69  5:59  SCV  
  69  6:00  SCV  
  69  6:02  Marine  
  69  6:03  Barracks  
  73  6:04  Supply Depot  
  73  6:05  Barracks  
  73  6:09  SCV  
  73  6:11  SCV  
  75  6:12  Marauder  
  75  6:15  Marine  
  75  6:16  Siege Tank  
  75  6:18  SCV, Marauder  
  83  6:19  Marine  
  83  6:21  SCV  
  83  6:23  SCV  
  83  6:24  Medivac  
  83  6:25  Orbital Command, Medivac  
  91  6:29  Supply Depot  
  91  6:30  SCV  
  92  6:33  Marauder, Marine  
  92  6:37  Marine  
  92  6:38  Supply Depot  
  92  6:39  Marauder, SCV  
  99  6:42  SCV, Supply Depot  
  100  6:48  Supply Depot  
  100  6:51  Siege Tank, SCV x2, Marine  
  100  6:53  Barracks Tech Lab, Barracks Reactor  
  106  6:55  Marine  
  106  6:58  SCV, Supply Depot  
  106  7:00  Medivac  
  110  7:02  Refinery  
  110  7:03  Marauder  
  110  7:06  Marauder  
  110  7:07  SCV x2  
  115  7:11  Supply Depot  
  115  7:12  Marauder  
  115  7:13  Concussive Shells  
  117  7:15  Marine  
  117  7:16  Marine  
  117  7:17  SCV  
  117  7:19  SCV  
  117  7:21  Medivac  
  123  7:24  Marauder  
  123  7:28  Marauder  
  127  7:33  Marine  
  127  7:34  Siege Tank, Marauder  
  127  7:35  Marine x2  
  127  7:36  Marine  
  135  7:46  Marauder  
  135  7:49  Marine  
  132  7:52  Marine  
  132  7:53  Medivac  
  132  7:54  Marine x2  
  132  7:55  Marauder  
  132  7:56  Bunker  
  132  7:57  Marine  
  139  7:59  Bunker  
  139  8:01  Bunker  
  137  8:06  Marine  
  137  8:07  Marine  
  137  8:10  Marine  

Tags
 
Add a new tag
Caveats
  • Supply blocks, unpowered buildings, or Contaminate may cause inaccurate times.
  • Supply counts are checked every 10 seconds.